 Dungeon Crawl Stone Soup version 0.30.1-3-gfc49f6343a (webtiles) character file.

Game seed: 12622209285625216519

51 Bronimir the Firebug (level 3, 0/21 HPs)
             Began as an Octopode Fire Elementalist on July 29, 2023.
             Slain by an orc
             ... wielding a +0 flail
              (9 damage)
             ... on level 3 of the Dungeon.
             The game lasted 00:04:30 (1839 turns).

Bronimir the Firebug (Octopode Fire Elementalist)   Turns: 1839, Time: 00:04:31

Health: 0/21       AC:  1    Str:  7    XL:     3   Next: 83%
Magic:  6/6        EV: 13    Int: 19    God:
Gold:   127        SH:  0    Dex: 12    Spells: 3/6 levels left

rFire   . . .        i - +0 short sword (freeze)
rCold   . . .        (no shield)
rNeg    . . .        (helmet restricted)
rPois   .            (no amulet)
rElec   .            (no ring)
rCorr   .            (no ring)
SInv    .            (no ring)
Will    .....        (no ring)
Stlth   +++          (no ring)
HPRegen 0.23/turn    (no ring)
MPRegen 0.10/turn    (no ring)
                     (no ring)

%: no passive effects
@: no status effects
A: almost no armour, amphibious, 8 rings, camouflage 1, gelatinous body 1,
(nimble swimmer 1), tentacles
a: no special abilities


You were on level 3 of the Dungeon.
You visited 1 branch of the dungeon, and saw 3 of its levels.

You collected 127 gold pieces.

Inventory:

Hand Weapons
 i - a +0 short sword of freezing (weapon)
Jewellery
 f - an amulet of guardian spirit
 k - an amulet of faith
 p - a ring of protection from fire
Wands
 h - a wand of iceblast (9)
Scrolls
 b - a scroll of silence {unknown}
 c - 3 scrolls of enchant weapon {unknown}
 d - 2 scrolls of identify {unknown}
 e - 2 scrolls of torment {unknown}
 j - a scroll of brand weapon {unknown}
 m - a scroll of amnesia {unknown}
 n - a scroll of noise {unknown}
Potions
 a - a potion of magic
 g - 2 potions of heal wounds {unknown}
 l - a potion of cancellation {unknown}
 o - a potion of mutation {unknown}


   Skills:
 * Level 2.4 Dodging
 + Level 3.3 Stealth
 + Level 0.2 Unarmed Combat
 + Level 2.3 Spellcasting
 + Level 1.0 Conjurations
 * Level 3.8 Fire Magic


You had 3 spell levels left.
You knew the following spells:

 Your Spells              Type           Power      Damage    Failure   Level
a - Foxfire               Conj/Fire      44%        2x1d6     6%          1
b - Scorch                Fire           32%        2d6       4%          2

Your spell library contained the following spells:

 Spells                   Type           Power      Damage    Failure   Level
 Inner Flame              Hex/Fire       9%         N/A       22%         3
 Volatile Blastmotes      Fire/Tloc      18%        2d11      22%         3
 Flame Wave               Conj/Fire      11%        2d6       52%         4


Dungeon Overview and Level Annotations

Branches:
Dungeon (3/15)

Altars:
Xom


Innate Abilities, Weirdness & Mutations

You cannot wear most types of armour.
You are amphibious.
You can wear up to eight rings at the same time.
Your skin changes colour to match your surroundings (Stealth+).
Your rubbery body absorbs attacks. (AC +1, EV +1)
((You are camouflaged when in or above water. (Stealth+)))
You have tentacles for arms and can constrict up to eight enemies at once.


Message History

Found a stone staircase leading up.
Done exploring.
Done exploring.
(D) Dungeon
Where to? (Enter - D:2, ? - help)
You see here 4 boomerangs.
You see here a +0 club.
There is a stone staircase leading down here.
You climb downwards.
Found 36 gold pieces and 3 stones.
There is a stone staircase leading up here.
You now have 112 gold pieces (gained 11).
You now have 127 gold pieces (gained 15).
An endoplasm comes into view.
An endoplasm is nearby!
An endoplasm is nearby!
A frilled lizard comes into view.
Found 5 stones and a fuming amethyst potion.
An orc and 2 jackals come into view.
Found 18 gold pieces.
Found 17 gold pieces.
The helpless frilled lizard fails to defend itself.
You puncture the frilled lizard!
The frilled lizard seems to slow down.
You freeze the frilled lizard.
You kill the frilled lizard! 2 orcs come into view.
The jackal barks!
You hear a bark!
You hear a shout! x2; The orc shouts! x2
The endoplasm quivers.
You hear a shout!
Found a glowing buckler and a scale mail.
The orc hits you with a +0 flail!
The endoplasm jiggles.
A jackal comes into view.
An orc comes into view. It is wielding a +0 club.
The endoplasm freezes you.
You are frozen.
The orc attacks as you move away! The orc hits you with a +0 flail.
The orc attacks as you move away! The orc misses you.
The orc attacks as you move away! The orc hits you with a +0 flail!
You die...

.. .. .... ##
.......## . ....$..#
#[ #.#.##.#########.
##. #.#.##..........
.......##.......(..
##.##.#.#.##.......#
....[oo.#.hh.o@...####
#.#h##.....<...#
#o..##......##.....
#..$...#h##......# ###
..!..#(#....#.####
#.......h##.#.#
#$#o##.#.##.#.# . ..
.......#.# .#
###.##.#.#


You could see an orc and 3 jackals.

Vanquished Creatures
  2 adders (D:2)
  5 endoplasms
  3 goblins
  6 hobgoblins (D:2)
  A quokka (D:2)
  3 ball pythons (D:2)
  2 bats
  4 frilled lizards
  3 kobolds
  5 rats
34 creatures vanquished.

Vanquished Creatures (others)
  13 foxfires (D:1)
13 creatures vanquished.

Grand Total: 47 creatures vanquished

Notes
Turn   | Place    | Note
-------+----------+-------------------------------------------
     0 | D:1      | Bronimir the Octopode Fire Elementalist began the quest for
                  | the Orb.
     0 | D:1      | Reached XP level 1. HP: 11/11 MP: 3/3
   489 | D:1      | Reached XP level 2. HP: 17/17 MP: 3/5
   562 | D:1      | Learned a level 2 spell: Scorch
  1101 | D:2      | Reached XP level 3. HP: 20/21 MP: 1/6
  1150 | D:2      | Found a faded altar of an unknown god.
  1232 | D:2      | Found a shimmering altar of Xom.
  1839 | D:3      | Slain by an orc

Illustrated notes

Levels and vault maps discovered:
D:1:      heliophobic_arrival_glass_houses, layout_loops_corners
D:2:      layout_basic, basic_altar, ebering_ecumenical_altar_petrified,
          minmay_tromino_v4_a
D:3:      layout_rooms, yredelemnul_altar_generic, serial_shops, shop,
          glass_columns_b, minmay_diced_spiral

Skill      XL: |  1  2 |
---------------+-------+-----
Stealth        | 3 |  3.3
Dodging        | |  2.4
Unarmed Combat | |  0.2
Spellcasting   | |  2.3
Conjurations   | |  1.0
Fire Magic     | |  3.8

Action                     || total
---------------------------++-------
  Melee: Unarmed           ||    55
         Constrict         ||    14
         Tentacles         ||    13
         Punch             ||     2
         Short sword       ||    12
   Cast: Foxfire           ||    11
         Scorch            ||    10
   Stab: Sleeping          ||     6
 Armour: Skin              ||     8
  Dodge: Dodged            ||    48
